[Event "87th Tata Steel Masters 2025"]
[White "Erigaisi,Arjun Kumar"]
[Black "Giri,Anish"]
[Site "Wijk aan Zee"]
[Round "2.7"]
[Annotator "TA"]
[Result "1/2-1/2"]
[Date "2025.01.19"]
[WhiteElo "2801"]
[BlackElo "2731"]
[PlyCount "101"]
[TimeControl "60"]

1. e4 c5 2. Nf3 d6 3. d4 cxd4 4. Nxd4 Nf6 5. Nc3 a6 6. Be2 e5 7. Nb3 Be7 8. Qd3 {[%emt 0:0:11] B92: Sicilian Najdorf: 6 Be2.} Be6 9. Nd5 $1 {[%emt 0:0:14][%mdl 4] outshines the older 9.0-0.} Nxd5 10. exd5 Bc8 11. a4 a5 12. O-O O-O 13. f4 Nd7 14. Kh1 b6 $146 (14... Bf6 15. f5 Bg5 16. Be3 b6 17. Nd2 f6 18. b3 Ra7 19. Rae1 Ba6 20. c4 Bc8 {1-0 Oparin,G (2667)-Mendonca,L (2603) FRA-chT Top 16 GpB 2023 (4.4)} )15. Qd1 Ba6 (15... Qc7 $11 )16. Bxa6 $14 Rxa6 17. fxe5 dxe5 18. d6 Bg5 19. Bxg5 Qxg5 20. Qd5 Qg4 21. Nd2 Qe6 22. Qxe6 fxe6 23. Rxf8+ Kxf8 {[%emt 0:0:9][%mdl 4096] Endgame KRN-KRN} 24. Nc4 Ra8 25. Kg1 Kf7 26. Kf2 Rc8 27. b3 Kg6 28. Ke3 Rf8 29. g3 h5 30. Rd1 Kg5 (30... Rc8 $16 {was worth a try.} )31. h3 Kg6 32. Ke2 Rc8 33. Rf1 Rc5 34. Kd3 {[%emt 0:2:5] White has more active pieces.} Rd5+ 35. Kc3 Rc5 36. b4 axb4+ 37. Kxb4 Rc8 {[%emt 0:3:2] [#]} (37... Rc6 $142 38. Rf2 e4 )38. Ra1 (38. g4 $1 {[%cal Rg4h5] gxh5+ would now be deadly.} hxg4 39. hxg4 )Kf5 $16 39. a5 bxa5+ 40. Rxa5 Ke4 {[%emt 0:1:58] [#]} 41. Ra7 ({White must play} 41. Rb5 $1 $16 )Rb8+ 42. Kc3 Rd8 43. Rc7 Nf6 $1 44. Rxg7 (44. Kb4 $5 )Nd5+ $1 45. Kd2 Kd4 (45... Nb6 $1 $11 {keeps the balance.} 46. Nxb6 (46. Rc7 Nxc4+ 47. Rxc4+ Kd5 $14 )Rxd6+ 47. Kc1 Rxb6 )46. Na3 ({White should play} 46. Rc7 $16 )Nc3 $11 47. d7 e4 48. Ke1 Kc5 49. Kd2 Kd4 50. Ke1 Kc5 51. Kd2 {[%emt 0:0:0] White really could win this.   Weighted Error Value: White=0.17 (very precise) /Black=0.13 (very precise)   Mistake:       	White=3     	Black=4      Inaccurate:     	White=2     	Black=5      OK:         	White=11    	Black=18     Best:        	White=2     	Black=2      Strong:       	---       	Black=2} 1/2-1/2

[Event "87th Tata Steel Masters 2025"]
[White "Van Foreest,Jorden"]
[Black "Sarana,Alexey"]
[Site "Wijk aan Zee"]
[Round "3.1"]
[Annotator "TA"]
[Result "1/2-1/2"]
[Date "2025.01.20"]
[WhiteElo "2680"]
[BlackElo "2677"]
[PlyCount "83"]
[TimeControl "60"]

1. e4 c5 2. Nf3 d6 3. Bc4 Nf6 4. d3 a6 5. a4 e6 6. O-O Be7 7. Nbd2 b6 8. Re1 Bb7 9. Ba2 Nc6 10. c3 Qc7 11. Nf1 Rc8 12. Ng3 O-O 13. h3 b5 14. Bb1 b4 15. Bg5 a5 16. d4 bxc3 17. bxc3 cxd4 18. cxd4 Nb4 19. Qd2 Qc3 20. Qxc3 Rxc3 21. d5 Rfc8 22. Bd2 R3c4 23. dxe6 fxe6 24. Bxb4 Rxb4 ({Much weaker is} 24... axb4 $6 25. Ba2 $16 )25. Ba2 d5 26. exd5 Bxd5 27. Rxe6 Rxa4 {[%emt 0:2:40] Strongly threatening ...Kf8.} 28. Rxe7 {[%emt 0:0:25] Hoping for Bxd5+.} Rxa2 29. Rxa2 Bxa2 30. Ra7 {[%emt 0:5:51] Prevents Ra8.} Bd5 31. Rxa5 Bxf3 32. gxf3 $11 {[%emt 0:0:6][%cal Yg2f3,Yf3f4,Yf4f5][%mdl 4128] Endgame KRN-KRN. White is a pawn up.} Rf8 33. Kg2 h6 34. Nf5 Kh7 35. Ne3 Rf7 36. f4 Rc7 37. Kf3 Rb7 38. f5 Rb3 39. Kg2 Rb4 40. Rc5 Ra4 41. f3 Nh5 42. Kf2 1/2-1/2

[Event "87th Tata Steel Masters 2025"]
[White "Wei,Yi"]
[Black "Keymer,Vincent"]
[Site "Wijk aan Zee"]
[Round "3.2"]
[Annotator "TA"]
[Result "1/2-1/2"]
[Date "2025.01.20"]
[WhiteElo "2751"]
[BlackElo "2733"]
[PlyCount "53"]
[TimeControl "60"]

1. e4 e5 2. Nf3 Nc6 3. Bc4 Nf6 4. d3 Bc5 5. c3 a5 6. O-O {[%emt 0:6:32] White wants to play d4.} d6 7. Bg5 h6 8. Bh4 Ba7 9. Re1 g5 10. Bg3 h5 11. h4 $1 (11. Nxg5 h4 12. Nxf7 (12. Bxf7+ $2 {too greedy.} Ke7 $19 )hxg3 13. hxg3 (13. Nxh8 $2 gxf2+ 14. Kh1 Ng4 $19 )Qe7 (13... Bxf2+ $2 14. Kxf2 Ng4+ 15. Qxg4 $18 )14. Nxh8 Qh7 $19 )g4 12. Ng5 O-O $1 13. Na3 Qe7 14. d4 Kg7 15. f4 (15. d5 {simplifies} Nd8 16. Nb5 Ne8 17. Nxa7 Rxa7 18. Be2 )gxf3 16. gxf3 Nh7 17. f4 {[%emt 0:7:18] [#]} Bg4 (17... Nxg5 $1 $17 18. hxg5 exf4 (18... Bg4 19. f5 $19 )19. Bxf4 Ne5 20. Qxh5 Rh8 )18. Be2 $11 Bxe2 19. Qxe2 {[%emt 0:3:44] aiming for Nxh7.} exd4 20. Kg2 dxc3 21. Nxh7 cxb2 22. Rad1 {[%emt 0:9:19] Some like it hot} Kxh7 23. Qxh5+ Kg7 24. Qg4+ $1 Kh8 25. Qh5+ Kg7 26. Qg4+ Kh8 {[%emt 0:0:1][%cal Yf7f5] ...f5! is the strong threat.} 27. Qh5+ 1/2-1/2

[Event "87th Tata Steel Masters 2025"]
[White "Praggnanandhaa,Rameshbabu"]
[Black "Erigaisi,Arjun Kumar"]
[Site "Wijk aan Zee"]
[Round "3.3"]
[Annotator "TA"]
[Result "1-0"]
[Date "2025.01.20"]
[WhiteElo "2741"]
[BlackElo "2801"]
[PlyCount "119"]
[TimeControl "60"]

1. d4 Nf6 2. c4 e6 3. Nf3 d5 4. g3 dxc4 5. Bg2 c5 6. O-O Nc6 7. dxc5 Qxd1 8. Rxd1 Bxc5 9. Nbd2 c3 10. bxc3 O-O 11. Ne1 Bd7 12. Rb1 Na5 13. Nb3 Nxb3 14. axb3 Bc6 $1 15. Bxc6 bxc6 16. Nd3 Be7 17. Be3 Rfc8 18. Bc5 Kf8 19. Ra1 {[%emt 0:0:53] Black is weak on the dark squares} Rc7 20. Kf1 Nd7 21. Bxe7+ Kxe7 22. Ra3 c5 23. c4 Rb7 24. Rda1 a5 25. Ke1 Kd6 26. Nc1 (26. Rxa5 Rxa5 27. Rxa5 Rxb3 $11 )Rba7 27. Na2 Kc6 28. Nc3 Nb6 29. f4 Nc8 30. Nb5 Ra6 31. Rd1 Nb6 32. Ra2 Rf8 (32... a4 $11 {keeps the balance.} )33. Rd6+ $16 Kb7 34. Nc3 {[%emt 0:0:29] White is much more active. The black rooks are passive.} Raa8 35. Rad2 Rfc8 36. Ra2 Rf8 $1 37. Rd1 $36 {[%emt 0:1:31][%mdl 2048] Keeping Black busy.} Ra7 38. Rda1 Rfa8 (38... a4 $16 39. Nxa4 Nxa4 )39. Nb5 $18 Ra6 40. Nd6+ Kc7 41. Nxf7 Nd7 42. Ng5 Nf6 43. Nf3 Ne4 44. Nd2 Nf6 45. Kf2 Ng4+ 46. Kg2 e5 47. Ne4 exf4 48. gxf4 {[%emt 0:0:32][%cal Yh2h3] and h3! would now be decisive} Re8 49. Nxc5 Rc6 50. Nd3 Rg6 51. h3 (51. Rxa5 $6 Rxe2+ 52. Kf1 Re3 $16 )Ne3+ $2 (51... Ne5+ 52. Kf2 Nxd3+ 53. exd3 Rf6 54. Rxa5 Rxf4+ 55. Kg1 (55. Kg3 Rd4 $16 )Re3 56. Rc5+ Kd6 57. Rd5+ Kc6 )52. Kf2 Rg2+ 53. Kf3 Rh2 54. Nf2 ({Much less strong is} 54. Rxa5 Rxh3+ 55. Kf2 Ng4+ 56. Ke1 (56. Kg2 Ree3 $16 )Rh1+ (56... Rxd3 $2 {is the wrong capture.} 57. Ra7+ Kb6 58. b4 $18 )57. Kd2 Rxa1 58. Rxa1 Kb8 $18 )g5 (54... Nf5 $142 )55. Rxa5 gxf4 56. Ra7+ Kd6 57. Ne4+ Ke6 58. R1a6+ Ke5 59. Ra5+ Kd4 60. Rd7+ 1-0

[Event "87th Tata Steel Masters 2025"]
[White "Gukesh,Dommaraju"]
[Black "Caruana,Fabiano"]
[Site "Wijk aan Zee"]
[Round "3.4"]
[Annotator "TA"]
[Result "1/2-1/2"]
[Date "2025.01.20"]
[WhiteElo "2777"]
[BlackElo "2803"]
[PlyCount "48"]
[TimeControl "60"]

1. d4 d5 2. c4 e6 3. Nf3 Nf6 4. Nc3 Bb4 5. cxd5 exd5 6. Bg5 h6 7. Bh4 Bf5 8. Qa4+ Nc6 9. e3 g5 10. Bg3 O-O 11. Bb5 Bxc3+ 12. bxc3 Ne7 13. Nd2 Ng6 14. Qd1 h5 15. h3 c6 16. Be2 h4 17. Bh2 b5 18. a4 a6 19. O-O Re8 20. Re1 Qe7 21. Bf3 Be4 22. Be2 Bf5 23. Bf3 Be4 24. Be2 Bf5 1/2-1/2

[Event "87th Tata Steel Masters 2025"]
[White "Warmerdam,Max"]
[Black "Abdusattorov,Nodirbek"]
[Site "Wijk aan Zee"]
[Round "3.5"]
[Annotator "TA"]
[Result "0-1"]
[Date "2025.01.20"]
[WhiteElo "2646"]
[BlackElo "2768"]
[PlyCount "114"]
[TimeControl "60"]

1. e4 e5 2. Nf3 Nc6 3. Bb5 a6 4. Ba4 Nf6 5. d3 Bc5 6. c3 d6 7. O-O O-O 8. h3 Ba7 9. Re1 Ne7 10. d4 Ng6 11. Bc2 Bd7 12. Be3 Re8 13. Nbd2 a5 14. a4 Bc6 15. Qb1 Qe7 16. dxe5 dxe5 17. Bxa7 Rxa7 18. Bd3 Nf8 19. Nc4 N8d7 20. Qc2 g6 21. b3 b6 22. Rad1 Raa8 23. Qb2 Nh5 24. Ne3 Rad8 25. Bc2 Nhf6 26. Nc4 Kg7 27. b4 Ra8 28. Ra1 h6 29. Re3 Nh7 30. Nfd2 Ra7 31. Ree1 Ng5 32. Ne3 Nf6 33. b5 Bb7 (33... Bxe4 $6 34. h4 $16 )(33... Ngxe4 34. bxc6 Nxd2 35. Rad1 $18 (35. Bxg6 fxg6 36. Qxd2 Raa8 $11 ))(33... Nfxe4 $6 34. Bxe4 Bxe4 35. h4 Bxg2 36. Nxg2 (36. Kxg2 Ne6 $14 )(36. hxg5 Bb7 $16 )Nh3+ 37. Kf1 $18 )34. c4 Nd7 (34... Bxe4 $2 35. Bxe4 Qb4 36. Qxb4 axb4 37. Bc6 $18 )35. Nd5 (35. Ra3 $11 )Nxh3+ 36. Kf1 Bxd5 37. cxd5 Ng5 38. Ra3 f6 39. Ke2 Nc5 40. Kd1 (40. Kf1 $15 )Raa8 $17 41. Kc1 Rad8 42. g3 Nf7 43. f4 ({Better is} 43. Kb1 )exf4 $17 44. gxf4 Rxd5 $1 45. Nf3 Rh5 46. e5 (46. Rae3 $17 )fxe5 $19 47. Rae3 Nd7 (47... Qf6 $19 48. fxe5 Qe6 )48. fxe5 $1 $15 Nfxe5 49. Rd1 $1 Nf6 50. Rde1 $1 (50. Nxe5 $2 Rxe5 51. Rc3 Rc5 $19 )Nfd7 51. Rd1 $1 Kh7 52. Qc3 {[%emt 0:0:35] [#]} ({White must play} 52. Kb1 $15 )Nf6 $1 $19 53. Rg1 {[%emt 0:1:46] [#]} (53. Nxe5 $2 Rxe5 54. Qxe5 Qxe5 $19 )(53. Re2 $17 {might work better.} )Nd5 $1 $19 54. Bxg6+ Kh8 ({Inferior is} 54... Nxg6 55. Rxe7+ Rxe7 56. Qc6 $11 )55. Qd4 Nxe3 56. Bxh5 Qa3+ 57. Kd2 $2 (57. Qb2 Qxb2+ (57... Qxa4 $2 {too greedy.} 58. Nxe5 $18 )58. Kxb2 Nd3+ 59. Kc3 )Nf5 0-1

[Event "87th Tata Steel Masters 2025"]
[White "Giri,Anish"]
[Black "Fedoseev,Vladimir"]
[Site "Wijk aan Zee"]
[Round "3.6"]
[Annotator "TA"]
[Result "1/2-1/2"]
[Date "2025.01.20"]
[WhiteElo "2731"]
[BlackElo "2717"]
[PlyCount "60"]
[TimeControl "60"]

1. e4 e5 2. Bc4 Nf6 3. d3 Nc6 4. Nf3 Be7 5. O-O d6 6. a4 O-O 7. Re1 h6 8. a5 Rb8 9. h3 Re8 10. Nc3 a6 11. Bd2 Bf8 12. Qb1 Be6 13. Bxe6 Rxe6 14. Nd5 Ne7 15. Nxf6+ Rxf6 16. Qd1 Ng6 17. d4 exd4 18. Nxd4 c5 19. Nf5 d5 20. Qg4 Qc8 21. Ne3 Qxg4 22. Nxg4 Rd6 23. exd5 Rxd5 24. Bc3 Rbd8 25. Ne3 R5d7 26. Nc4 f6 27. g3 Ne7 28. Nb6 Rd6 29. Nc4 R6d7 30. Nb6 Rd6 1/2-1/2

[Event "87th Tata Steel Masters 2025"]
[White "Mendonca,Leon Luke"]
[Black "Harikrishna,Pentala"]
[Site "Wijk aan Zee"]
[Round "3.7"]
[Annotator "TA"]
[Result "1/2-1/2"]
[Date "2025.01.20"]
[WhiteElo "2639"]
[BlackElo "2695"]
[PlyCount "88"]
[TimeControl "60"]

1. d4 Nf6 2. c4 e6 3. Nc3 Bb4 4. Nf3 b6 5. e3 O-O 6. Bd3 d5 7. O-O Ba6 8. cxd5 exd5 9. Bxa6 Nxa6 10. Qa4 Qc8 11. Bd2 Re8 12. Rfc1 Bf8 13. Ne2 c5 14. dxc5 Nxc5 15. Qd1 Qb7 16. Bc3 {[%emt 0:3:45] and Bxf6 should not be overlooked} Nce4 17. Bxf6 Nxf6 18. Rc2 Rac8 19. Rac1 Rc5 20. Nfd4 Rec8 21. Nc3 Ne4 22. Nb3 {[%emt 0:10:27] A dynamic duo of knights.} R5c7 23. Nxe4 dxe4 24. Rd2 g6 25. g3 Be7 26. Rxc7 Rxc7 27. Nd4 Bb4 28. Rc2 Rd7 29. Qe2 Bc5 30. Nb3 Be7 31. Qc4 Kg7 32. Nd4 Bc5 33. Nb3 Be7 34. Nd4 Bc5 35. Nb5 a5 36. Nc3 f5 37. Kg2 Be7 38. Ne2 Qd5 (38... Rd6 {simplifies} 39. Nd4 Qd7 40. Qc7 Qxc7 41. Rxc7 Kf8 )39. Qc8 {[%emt 0:4:14] Prevents Qxc4.} Bc5 40. Nf4 Qd1 41. Ne6+ Kh6 42. Rxc5 Qf3+ 43. Kh3 Qg4+ 44. Kg2 Qf3+ 1/2-1/2

[Event "87th Tata Steel Masters 2025"]
[White "Harikrishna,Pentala"]
[Black "Warmerdam,Max"]
[Site "Wijk aan Zee"]
[Round "4.1"]
[Annotator "TA"]
[Result "1-0"]
[Date "2025.01.21"]
[WhiteElo "2695"]
[BlackElo "2646"]
[PlyCount "45"]
[TimeControl "60"]

1. Nf3 d5 2. g3 c5 3. Bg2 Nc6 4. d4 Nf6 5. O-O e6 6. c4 dxc4 7. dxc5 Qxd1 8. Rxd1 Bxc5 9. Nbd2 b5 10. a4 Ba6 11. Ng5 (11. Ne5 $5 Nxe5 12. axb5 $11 (12. Bxa8 b4 $11 ))Nd5 12. Nde4 {[%emt 0:1:22][%cal Yd2e4,Ye4g5,Yg5e6,Ye6d4,Yd4c6,Yc6e5][%mdl 32] Inhibits b4.} Bb4 $1 {[%emt 0:0:21] [#]} 13. Nxf7 $1 Kxf7 14. Ng5+ Kf6 $1 {[%emt 0:0:5] [#]} 15. Nxe6 $1 Nce7 $1 16. axb5 (16. Bxd5 Nxd5 17. axb5 Bb7 $19 )Bb7 17. Nd4 $36 {[%emt 0:9:2][%mdl 2048] White is pushing.} Kf7 18. Ra4 c3 19. Rd3 (19. Rxb4 Nxb4 20. Bxb7 c2 21. Nxc2 Nxc2 22. Bxa8 Rxa8 )a5 20. bxc3 $1 Bxc3 {[%emt 0:1:14] [#]} (20... Nxc3 $2 21. Bxb7 Rab8 (21... Nxa4 $2 22. Rf3+ Ke8 23. Bxa8 $18 )22. Rf3+ Ke8 23. Rxc3 Bxc3 24. Ba6 $18 )(20... Rac8 $1 $11 {keeps the balance.} )21. Rf3+ ({White should play} 21. Nc6 $1 $16 {[%cal Rc6e7] Nxe7 is the strong threat.} Nb6 22. Rf4+ Bf6 23. Ne5+ Ke8 24. Bxb7 Bxe5 25. Re4 )Kg6 $2 {[%emt 0:1:2][%mdl 8192] [#]} (21... Ke8 $11 )22. Nc6 $1 $18 {[%emt 0:1:8] Intending Rg4+ and mate.} Bf6 {[%emt 0:6:43] [#]} ({Wrong is} 22... Bxc6 $2 23. Rg4+ Kh5 24. Rg5+ Kh6 25. Rxd5+ g5 26. Rd6+ (26. Bxg5+ Kg7 $18 )Ng6 27. bxc6 $18 (27. Rxc6 Be5 $18 ))(22... h5 $142 23. Nxe7+ Nxe7 )23. Ne5+ $1 1-0

[Event "87th Tata Steel Masters 2025"]
[White "Caruana,Fabiano"]
[Black "Giri,Anish"]
[Site "Wijk aan Zee"]
[Round "4.2"]
[Annotator "TA"]
[Result "1/2-1/2"]
[Date "2025.01.21"]
[WhiteElo "2803"]
[BlackElo "2731"]
[PlyCount "68"]
[TimeControl "60"]

1. e4 c5 2. Nf3 Nc6 3. Bb5 g6 4. O-O Bg7 5. Re1 e5 6. Bxc6 bxc6 7. c3 Ne7 8. d4 cxd4 9. cxd4 exd4 10. Nxd4 O-O 11. Nc3 Rb8 12. Nb3 Qc7 {[%emt 0:1:0] Against Qd6} 13. Bg5 d6 14. Rc1 Be6 15. Nd5 Nxd5 (15... cxd5 $2 16. Rxc7 Nc8 17. exd5 $18 )16. exd5 Rb5 $1 (16... Bxd5 $2 {is the wrong capture.} 17. Qxd5 Rfc8 18. Qf3 $18 )17. dxe6 ({Don't play} 17. Rxc6 Qd7 18. h4 Rxd5 $17 (18... Bxb2 19. dxe6 Qxc6 20. Bh6 $11 ))Rxg5 18. Qd2 Rf5 19. exf7+ Qxf7 20. Re2 c5 21. g3 Rd5 22. Qc2 Re5 23. Rxe5 Bxe5 24. Re1 Rb8 25. Qd2 Rb6 26. h4 Bf6 27. Rd1 Kg7 28. Re1 h6 29. Re4 g5 30. hxg5 hxg5 31. Ra4 Kg8 32. Qc2 Rb8 33. Qf5 Be7 34. Qc2 Bf6 1/2-1/2

[Event "87th Tata Steel Masters 2025"]
[White "Sarana,Alexey"]
[Black "Gukesh,Dommaraju"]
[Site "Wijk aan Zee"]
[Round "4.3"]
[Annotator "TA"]
[Result "1/2-1/2"]
[Date "2025.01.21"]
[WhiteElo "2677"]
[BlackElo "2777"]
[PlyCount "139"]
[TimeControl "60"]

1. d4 d5 2. c4 e6 3. Nf3 Nf6 4. Nc3 Be7 5. g3 O-O 6. Bg2 Nc6 7. Ne5 Nxe5 8. dxe5 Nd7 9. cxd5 Nxe5 10. dxe6 Bxe6 11. Bxb7 Rb8 12. Bg2 Qxd1+ 13. Nxd1 Nc4 14. O-O Bf6 15. Nc3 Rfd8 16. Ne4 Bxb2 17. Bxb2 Rxb2 18. Rfc1 f6 19. e3 h6 20. a4 a5 21. Rab1 Rb6 22. Nc5 Bf7 23. Rd1 Rdd6 24. h3 Kf8 25. Rdc1 Ke7 26. Ra1 Rb4 27. Rc2 Rdb6 28. Rac1 Rb1 29. Bf1 Ne5 30. f4 Nf3+ 31. Kf2 Rxc1 32. Rxc1 Nd2 33. Be2 c6 34. Rd1 Rb2 35. Ke1 Rc2 $1 36. Rxd2 Rxc5 37. Rb2 Be6 38. Rb7+ Kf8 39. g4 f5 40. Kd2 Rd5+ 41. Kc3 Rc5+ 42. Kd2 g5 43. Rh7 gxf4 (43... Rd5+ $11 44. Kc3 Rc5+ 45. Kb2 fxg4 46. hxg4 (46. Bxg4 Bxg4 47. hxg4 gxf4 $11 )(46. Rxh6 g3 $17 )Bc4 )44. exf4 $16 fxg4 (44... Bb3 $142 )45. hxg4 Bb3 46. Rxh6 Bxa4 47. Rh8+ (47. Bf3 $16 )Ke7 48. Rh7+ (48. Ra8 $16 )Kd6 49. g5 Bb3 50. Bd3 a4 51. Ra7 Rd5 52. Kc3 ({White should play} 52. Ke3 $16 )Rc5+ $11 53. Kd2 (53. Kd4 $11 )Rd5 $14 54. Ke3 Kc5 55. g6 (55. f5 $1 $14 )Kb6 (55... Rd8 $1 $11 )56. Ra6+ $1 $14 Kb7 $1 57. f5 Re5+ (57... Rxd3+ $2 58. Kxd3 Kxa6 59. f6 $18 )(57... Rd8 $1 $14 )58. Kf4 Rd5 59. Ke3 (59. Be2 $14 )Rd8 $2 {[%emt 0:0:0] [#]} (59... Rxd3+ 60. Kxd3 Ba2 (60... Kxa6 $2 {loses.} 61. f6 $18 )61. Ra5 $18 (61. Rxa4 Bb1+ 62. Kd4 Bxf5 $18 ))(59... Re5+ $1 $11 {and Black has nothing to worry.} 60. Kf4 Rd5 )60. f6 (60. Ke4 $1 $18 )Rf8 $1 $14 (60... Rxd3+ 61. Kxd3 Kxa6 62. f7 $18 )61. g7 (61. f7 $14 )Rxf6 $11 62. Rxa4 Bg8 $1 63. Rf4 Rxf4 64. Kxf4 c5 65. Ke5 Kc7 66. Be4 (66. Bf5 $5 c4 $8 67. Bh3 $11 )c4 $1 67. Bd5 c3 $1 68. Bxg8 c2 69. Bb3 c1=Q 70. g8=Q 1/2-1/2

[Event "87th Tata Steel Masters 2025"]
[White "Abdusattorov,Nodirbek"]
[Black "Wei,Yi"]
[Site "Wijk aan Zee"]
[Round "4.4"]
[Annotator "TA"]
[Result "1/2-1/2"]
[Date "2025.01.21"]
[WhiteElo "2768"]
[BlackElo "2751"]
[PlyCount "82"]
[TimeControl "60"]

1. d4 Nf6 2. c4 e6 3. Nc3 Bb4 4. a3 Bxc3+ 5. bxc3 b6 6. f3 Nc6 7. e4 Na5 8. Bd3 Ba6 9. Qe2 c5 10. Nh3 cxd4 11. cxd4 Rc8 12. e5 Ng8 $1 13. Nf2 {[%emt 0:0:44] [#]} d5 {[%emt 0:19:56] Dodges Ne4} (13... Bxc4 14. Ne4 $14 )(13... f5 $1 $17 )14. exd6 $11 {[%emt 0:20:27][%cal Yc4c5] Strongly threatening c5!.} Nf6 (14... Qxd6 15. Ne4 Qd7 16. c5 Bxd3 (16... Qxd4 $2 17. Bxa6 Qxa1 18. O-O $18 )17. Qxd3 bxc5 18. Bf4 $16 (18. Nxc5 $2 Rxc5 19. a4 Ne7 $19 ))(14... Bxc4 $11 {keeps the balance.} 15. Ne4 Bxd3 16. Qxd3 f5 )15. Bf4 $2 {[%emt 0:6:40] White is more active.} (15. c5 $1 $16 {is necessary to keep the advantage.} Bxd3 16. Qxd3 (16. Nxd3 Nb3 $11 ))Bxc4 $17 16. O-O O-O 17. Rac1 Nd5 18. Bg3 Bxd3 19. Qxd3 Nb7 20. Ne4 f5 ({Black should play} 20... Qd7 $17 21. Ng5 g6 22. Rxc8 Rxc8 )21. Nc3 (21. Qa6 $1 $11 Qd7 22. Rxc8 Rxc8 23. Qxa7 )Nxc3 $15 22. Rxc3 Rxc3 23. Qxc3 f4 24. Bf2 Qxd6 25. Rc1 h6 26. h3 Na5 27. Kh2 Qd5 28. Qc7 Rf7 29. Qc8+ Rf8 30. Qc7 Rf7 31. Qc8+ Kh7 32. Re1 Qd7 33. Qxd7 Rxd7 34. Rxe6 $11 {[%emt 0:0:7][%mdl 4096] Endgame KRB-KRN} Nc4 35. a4 Nb2 36. a5 $1 Nd3 37. Bg1 $1 bxa5 38. Ra6 Rd5 39. h4 Nb4 40. Rxa7 Kg6 41. g4 fxg3+ 1/2-1/2

[Event "87th Tata Steel Masters 2025"]
[White "Praggnanandhaa,Rameshbabu"]
[Black "Mendonca,Leon Luke"]
[Site "Wijk aan Zee"]
[Round "4.5"]
[Annotator "TA"]
[Result "1-0"]
[Date "2025.01.21"]
[WhiteElo "2741"]
[BlackElo "2639"]
[PlyCount "91"]
[TimeControl "60"]

1. e4 e5 2. Nf3 Nc6 3. Bb5 a6 4. Ba4 Nf6 5. d3 b5 6. Bb3 Bc5 7. Bg5 h6 8. Bh4 d6 9. c3 Bb6 {[%emt 0:4:37] The position is equal.} 10. a4 Rb8 11. axb5 axb5 12. Na3 b4 13. Nc4 bxc3 14. bxc3 O-O 15. O-O Kh8 16. Ba4 Bd7 17. Rb1 (17. d4 $16 )g5 18. Bg3 Ba7 19. Ra1 {[%emt 0:11:19] [#] aiming for Bxc6.} Bb6 {[%emt 0:2:35] White leaves nothing to chance now.} 20. Re1 Ne7 21. d4 Bxa4 22. Rxa4 exd4 23. cxd4 Ng6 24. e5 {[%emt 0:3:14] And now Nxb6 would win. White is much more active.} Nh5 (24... Nd5 $16 {was worth a try.} )25. exd6 $18 Nxg3 26. dxc7 (26. fxg3 cxd6 27. h3 Bc7 $16 )Qxc7 27. hxg3 Rbe8 28. Ne3 Qd7 29. Qa1 Kh7 30. Ra6 Rb8 31. Nc4 Bc7 (31... Qb5 $142 )32. Ra7 Qc6 33. Rc1 Ra8 $2 {[%emt 0:0:19] [#]} (33... Rb7 {is a better defense.} 34. Rxb7 Qxb7 )34. d5 $1 Rxa7 35. Qxa7 (35. dxc6 Rxa1 36. Rxa1 Bb8 $11 )Ra8 36. Qd4 {[%emt 0:0:19] Dodges Qxc4} Qd7 37. d6 {[%emt 0:1:37][%cal Yd4d5] Hoping for Qd5!} Bd8 38. Nce5 {[%emt 0:1:26] Excellent horsemanship.} Qe6 39. Nxg6 fxg6 (39... Qxg6 $142 40. Ne5 Qf5 41. Nxf7 Bf6 )40. Re1 Qf7 41. Qe4 Ra7 42. Ne5 Qe6 43. Nc6 {[%emt 0:1:36] White is clearly winning.} Qxe4 44. Rxe4 Rd7 45. Re6 {[%emt 0:1:6] Inhibits Bf6.} h5 46. Kh2 {[%emt 0:1:51] Weighted Error Value: White=0.23 (precise) /Black=0.34.  Mistake:       	White=1     	Black=4      Inaccurate:     	White=2     	Black=5      OK:         	White=16    	Black=9      Best:        	White=1     	Black=2} 1-0

[Event "87th Tata Steel Masters 2025"]
[White "Keymer,Vincent"]
[Black "Van Foreest,Jorden"]
[Site "Wijk aan Zee"]
[Round "4.6"]
[Annotator "TA"]
[Result "1/2-1/2"]
[Date "2025.01.21"]
[WhiteElo "2733"]
[BlackElo "2680"]
[PlyCount "115"]
[TimeControl "60"]

1. d4 d5 2. c4 e6 3. Nc3 Be7 4. cxd5 exd5 5. Bf4 Nf6 6. e3 Bf5 7. Nf3 c6 8. Nh4 Bg6 9. h3 Nbd7 10. Nxg6 hxg6 11. Bd3 Nf8 12. Qb3 Qb6 13. Qc2 Ne6 14. Be5 O-O {[%emt 0:5:43] [#]} (14... Ng4 $14 )15. O-O-O ({White should play} 15. h4 $1 $16 )Rac8 16. Kb1 Rfd8 $1 17. Be2 Nd7 18. Bg3 Nf6 $1 19. Be5 Nd7 20. Bg3 Nf6 $1 21. Bg4 c5 $1 22. dxc5 Rxc5 {[%emt 0:1:7] And now ...d4 would win.} 23. Qb3 Qxb3 24. axb3 Nxg4 25. hxg4 d4 26. exd4 Nxd4 27. Rhe1 Ne6 28. f3 a6 29. Rxd8+ Bxd8 30. Rd1 Bc7 31. Bxc7 Rxc7 $11 {[%emt 0:0:15][%mdl 4096] Endgame KRN-KRN} 32. Nd5 Rc5 $1 33. b4 Rc4 34. b3 Rd4 35. Rxd4 Nxd4 {[%emt 0:0:5] KN-KN} 36. Kb2 Kf8 37. Kc3 Ne6 38. b5 axb5 39. Kb4 Nd4 40. Nc3 Ke7 41. Nxb5 Ne6 42. Ka5 Nf4 43. g3 Nd5 44. Na3 Kd6 45. Kb5 f5 46. Nc4+ Ke6 47. g5 f4 48. g4 Nc3+ 49. Kc5 ({Resist} 49. Kb6 $6 Kd5 $16 )Ne2 50. b4 Nc1 51. Nb2 Nb3+ 52. Kb6 Nd4 53. Kxb7 {[%emt 0:2:42] Black must now prevent Ka6.} Kd5 54. Kc7 Nxf3 55. Nd3 Kc4 56. Nxf4 Nxg5 57. Nxg6 Kxb4 58. Kd7 1/2-1/2

[Event "87th Tata Steel Masters 2025"]
[White "Erigaisi,Arjun Kumar"]
[Black "Fedoseev,Vladimir"]
[Site "Wijk aan Zee"]
[Round "4.7"]
[Annotator "TA"]
[Result "0-1"]
[Date "2025.01.21"]
[WhiteElo "2801"]
[BlackElo "2717"]
[PlyCount "78"]
[TimeControl "60"]

1. d4 Nf6 2. c4 e6 3. Nf3 d5 4. Nc3 Be7 5. cxd5 exd5 6. Bf4 Bd6 7. e3 Bxf4 8. exf4 O-O 9. Ne5 {[%emt 0:0:50] Prevents Bg4} Nc6 10. f3 Be6 11. Qd2 Nxe5 12. dxe5 Nd7 13. O-O-O (13. Nxd5 Nxe5 14. fxe5 Qxd5 $17 (14... Bxd5 15. Bd3 $15 ))c6 14. g4 f5 15. Ne2 (15. Rg1 $11 )fxg4 $17 16. Nd4 Qe7 $1 17. Rg1 gxf3 18. Bd3 Kh8 (18... Nc5 $1 $19 {[%cal Rc5d3] And now ...Nxd3+ would win.} 19. f5 Nxd3+ 20. Qxd3 f2 21. Nxe6 (21. fxe6 $2 fxg1=N 22. Rxg1 Rf2 $19 )fxg1=B 22. Rxg1 Rf7 )19. Bc2 $15 c5 ({Better is} 19... Rae8 $15 )20. Nxf3 $11 (20. Nxe6 Qxe6 21. Kb1 (21. Qxd5 Qxd5 22. Rxd5 Nb6 $17 )Rae8 $17 )Nb6 (20... d4 $11 )21. Rg5 $1 $16 {[%emt 0:4:25][%mdl 1024] White has strong compensation.} Nc4 22. Qd3 g6 (22... Rxf4 23. Qxh7# )23. Nh4 $1 Qf7 {[%emt 0:8:15] [#]} (23... Rxf4 24. Nxg6+ hxg6 25. Qxg6 Rh4 26. Rh5+ Rxh5 27. Qxh5+ Kg7 28. Rg1+ )(23... Rg8 $16 )24. Rf1 $1 $18 Rg8 {[%emt 0:2:54] [#]} 25. Qg3 $1 {[%emt 0:4:29][%cal Rh4g6] and Nxg6+! would now be decisive} Bf5 26. Bxf5 $2 (26. Nxf5 $18 gxf5 27. b3 (27. Bxf5 $2 {is the wrong capture.} Qxf5 28. Rxf5 Rxg3 $19 ))gxf5 $11 27. Nxf5 $2 {[%emt 0:3:8][%mdl 8192] [#]} (27. Re1 $11 {and White stays safe.} )Qxf5 $1 $19 28. Rxf5 {[%emt 0:0:48] Intending Rg5 and mate.} Rxg3 29. hxg3 $18 {[%emt 0:0:7][%mdl 4096] Endgame KRR-KRN} Ne3 $1 30. Rg5 Nxf1 $19 {[%emt 0:0:21] KRN-KR} 31. e6 Ne3 32. Re5 d4 33. Rxc5 b6 34. Rh5 Kg7 35. Kd2 Re8 36. f5 (36. Kd3 $142 )Kf6 37. Rxh7 Nxf5 38. Rxa7 Rxe6 39. g4 Nh4 0-1